 Dungeon Crawl Stone Soup version 0.24-a0-504-gcfb02b9d07 (webtiles) character file.

Game seed: 4511914439161793369

34 Knommid the Firebug (level 3, 0/26 HPs)
             Began as a Hill Orc Fire Elementalist on July 16, 2019.
             Slain by a hobgoblin
             ... wielding a +0 club
              (4 damage)
             ... on level 1 of the Dungeon.
             The game lasted 00:05:11 (1144 turns).

Knommid the Firebug (Hill Orc Fire Elementalist)    Turns: 1144, Time: 00:05:11

Health: 0/26       AC:  2    Str: 10    XL:     3   Next: 31%
Magic:  2/5        EV: 12    Int: 16    God:
Gold:   12         SH:  0    Dex: 11    Spells: 4/5 levels left

rFire    . . .     SeeInvis .   d - +0 club
rCold    . . .     Gourm    .   (no shield)
rNeg     . . .     Faith    +   a - +0 robe
rPois    .         Spirit   .   (no helmet)
rElec    .         Reflect  .   (no cloak)
rCorr    .         Harm     .   (no gloves)
MR       .....                  (no boots)
Stlth    ++........             b - amulet of faith
HPRegen  0.08/turn              (no ring)
MPRegen  0.09/turn              (no ring)

@: very slightly contaminated
A: no striking features
a: no special abilities


You were on level 1 of the Dungeon.
You were hungry.

You visited 1 branch of the dungeon, and saw 2 of its levels.

You collected 12 gold pieces.

Inventory:

Hand Weapons
 d - a +0 club (weapon)
Armour
 a - a +0 robe (worn)
 g - a +0 robe
Jewellery
 b - an amulet of faith (around neck)
Scrolls
 e - a scroll of magic mapping {unknown}
Comestibles
 c - 3 rations
 f - 6 chunks of flesh


   Skills:
 + Level 0.5 Maces & Flails
 + Level 2.0 Dodging
 + Level 1.7 Stealth
 + Level 1.8 Spellcasting
 + Level 1.1 Conjurations
 + Level 3.9 Fire Magic


You had 4 spell levels left.
You knew the following spells:

 Your Spells              Type           Power        Failure   Level  Hunger
a - Flame Tongue          Conj/Fire      #....        8%          1    ##.....

Your spell library contained the following spells:

 Spells                   Type           Power        Failure   Level  Hunger
 Throw Flame              Conj/Fire      #.....       11%         2    ###....
 Conjure Flame            Conj/Fire      #.......     22%         3    ####...
 Inner Flame              Hex/Fire       #.......     28%         3    ####...
 Sticky Flame             Conj/Fire      #.......     58%         4    #####..
 Fireball                 Conj/Fire      #.........   90%         5    ######.


Dungeon Overview and Level Annotations

Branches:
Dungeon (2/15)

Altars:


Message History

The hobgoblin is heavily wounded.
The hobgoblin closely misses you.
You barely miss the hobgoblin.
The hobgoblin is heavily wounded.
The hobgoblin hits you with a +0 club.
* * * LOW HITPOINT WARNING * * *
You completely miss the hobgoblin.
The hobgoblin is heavily wounded.
The hobgoblin hits you with a +0 club.
* * * LOW HITPOINT WARNING * * *
You completely miss the hobgoblin.
The hobgoblin is heavily wounded.
The hobgoblin barely misses you.
You closely miss the hobgoblin.
The hobgoblin is heavily wounded.
The hobgoblin closely misses you.
You hit the hobgoblin but do no damage.
The hobgoblin is heavily wounded.
The hobgoblin hits you with a +0 club.
You die...

#......#.#.....#
#......#.#.....#
#......#.#.....########
#......#.#............##
#......#....)...........
#........÷.....###
#................#
##.#####.......#.#
#....@g.........#
#######.......##
#.......# #..÷....###.
####......$. #.#.####.
#..... ...# #.# #.g# #


You could see a hobgoblin.

Vanquished Creatures
  2 dart slugs (D:1)
  A leopard gecko (D:1)
  A ball python (D:2)
  A giant cockroach (D:1)
  3 goblins
  3 hobgoblins
  4 jackals (D:1)
  2 kobolds (D:1)
  4 bats (D:1)
  A frilled lizard (D:1)
  4 rats
26 creatures vanquished.

Notes
Turn   | Place    | Note
-------+----------+-------------------------------------------
     0 | D:1      | Knommid the Hill Orc Fire Elementalist began the quest for
                  | the Orb.
     0 | D:1      | Reached XP level 1. HP: 14/14 MP: 3/3
   280 | D:2      | Reached XP level 2. HP: 20/20 MP: 2/4
   988 | D:1      | Reached XP level 3. HP: 26/26 MP: 3/5
  1144 | D:1      | Slain by a hobgoblin

Levels and vault maps discovered:
D:1:      dpeg_arrival_stonehenge_8_columns, layout_basic, minmay_pentomino_p4
D:2:      minmay_evil_eye, layout_loops_corners, good_gods_mini_temple,
          marbit_many_paths

Skill      XL: |  1  2  3 |
---------------+----------+-----
Dodging        | 2 |  2.0
Maces & Flails | |  0.5
Stealth        | |  1.7
Spellcasting   | |  1.8
Conjurations   | |  1.1
Fire Magic     | |  3.9

Action                   || total
-------------------------++-------
Melee: Unarmed           ||     5
       Club              ||    57
 Cast: Flame Tongue      ||    30
  Eat: Chunk             ||     1
Armor: Robe              ||    20
Dodge: Dodged            ||    55

Table legend:
 A = Non-vault XP
 B = Vault XP
 C = Vault XP percentage of total XP
 D = Non-vault monster count
 E = Vault monster count
 F = Vault count percentage of total count
                 A         B        C        D         E       F
            +---------+---------+-------+---------+---------+-------
      Total |      42 |       7 |  14.3 |      22 |       4 |  15.4
            +---------+---------+-------+---------+---------+-------
        D:1 |      35 |       7 |  16.7 |      18 |       4 |  18.2
        D:2 |       7 |       0 |   0.0 |       4 |       0 |   0.0
            +---------+---------+-------+---------+---------+-------
